Map: Ever Dream LE

Players

Seither - Winner!

  • Race: Terran Terran
  • Spawn Location: 7:00

MeomaikA

  • Race: Zerg Zerg
  • League: Grandmaster
  • Spawn Location: 1:00

Event: DreamHack SC2 Masters 2020 Fall

VOD

Have the link to the VOD?

Description

Time

  • Played on: Aug. 28, 2020, 7:58 a.m.
  • Length: 9:17

All games in this series

Show
View Real Time Build Order
Export as new Build Order

Seither Terran - Winner!

Build Orders: Reaper Expand, Banshee Rush 

Get SALT Encoding   

  12  0:00  SCV  
  13  0:12  SCV  
  14  0:17  Supply Depot  
  14  0:25  SCV  
  15  0:39  SCV  
  15  0:40  Barracks  
  16  0:43  Refinery  
  16  0:51  SCV  
  17  1:03  SCV  
  18  1:15  SCV  
  19  1:27  Orbital Command, Reaper  
  20  1:40  Command Center  
  20  1:50  Supply Depot  
  20  1:53  SCV  
  21  1:59  Marine  
  22  2:05  SCV  
  23  2:09  Factory  
  23  2:13  Refinery  
  23  2:21  Barracks Reactor  
  23  2:22  SCV  
  23  2:34  SCV  
  24  2:46  SCV  
  25  2:52  Orbital Command  
  25  2:56  Starport  
  25  2:57  Marine x2  
  28  2:58  SCV  
  28  3:02  Factory Tech Lab  
  28  3:10  SCV  
  29  3:22  SCV x2  
  29  3:23  Marine  
  29  3:24  Marine  
  32  3:34  SCV  
  32  3:35  Factory Tech Lab  
  32  3:36  SCV  
  32  3:40  Banshee, Cloaking Field  
  37  3:43  Marine x2  
  37  3:46  SCV  
  40  3:51  SCV, Supply Depot  
  41  3:57  Siege Tank  
  41  3:59  SCV  
  41  4:01  Marine  
  46  4:12  SCV x2, Marine  
  46  4:13  Supply Depot  
  47  4:18  Marine  
  47  4:23  Banshee  
  51  4:24  SCV x2  
  51  4:29  Supply Depot  
  51  4:30  Marine  
  53  4:40  SCV x2  
  53  4:42  Command Center, Supply Depot  
  55  4:53  Factory Reactor  
  55  4:55  Barracks  
  55  4:57  SCV  
  55  4:58  Supply Depot  
  55  4:59  Barracks, SCV  
  57  5:02  Stimpack  
  57  5:09  SCV  
  57  5:11  SCV  
  59  5:15  Starport Reactor  
  59  5:22  SCV, Marine  
  59  5:23  Engineering Bay x2  
  59  5:24  SCV  
  62  5:34  SCV  
  63  5:36  SCV  
  63  5:40  Marine  
  65  5:43  Refinery  
  65  5:44  Siege Tank  
  65  5:45  Refinery  
  65  5:46  SCV, Marine x2  
  65  5:48  SCV  
  72  5:57  Terran Infantry Armor Level 1, Terran Infantry Weapons Level 1, Marine x3  
  72  6:03  Marine  
  72  6:04  Marine  
  77  6:05  SCV x2  
  77  6:07  Orbital Command  
  79  6:15  Marine x3  
  82  6:21  Siege Tank  
  82  6:22  Orbital Command  
  82  6:23  Marine x2  
  82  6:25  SCV x2  
  89  6:29  Medivac, Supply Depot  
  91  6:33  Marine  
  91  6:34  Medivac  
  91  6:39  SCV x2  
  96  6:40  Barracks x2, Marine  
  96  6:41  Marine  
  96  6:44  Combat Shield  
  96  6:46  Marine x2  
  100  6:53  SCV x2  
  102  6:56  Siege Tank  
  102  6:59  Marine x3  
  108  7:03  SCV  
  109  7:09  Supply Depot x2  
  109  7:16  Marine  
  109  7:17  Medivac x2, SCV x2, Supply Depot  
  109  7:18  SCV  
  117  7:30  SCV, Marine x3  
  117  7:32  Barracks Reactor x2  
  117  7:33  Siege Tank  
  117  7:36  SCV x2, Supply Depot  
  120  7:37  Supply Depot  
  120  7:40  Armory  
  120  7:41  Marine  
  120  7:42  Marine  
  122  7:46  Refinery  
  122  7:47  SCV  
  122  7:48  Refinery, SCV x2, Marine x2  
  127  7:55  Marine  
  127  7:57  Medivac x2  
  132  7:59  SCV, Marine  
  132  8:02  Supply Depot  
  132  8:04  SCV x2  
  136  8:06  Marine x2  
  136  8:07  Supply Depot, Marine  
  136  8:11  SCV  
  133  8:13  Marine  
  133  8:16  Marine  
  133  8:17  Marine  
  133  8:18  Marine x3  
  137  8:24  Marine x2  
  136  8:27  Medivac x2, SCV x2  
  136  8:32  Marine x2  
  137  8:34  Marine x2  
  137  8:35  SCV  
  137  8:36  Marine  
  137  8:38  Supply Depot  
  137  8:39  SCV  
  137  8:40  Supply Depot  
  136  8:43  Marine x3  
  136  8:44  Marine  
  141  8:50  Marine x2  
  141  8:52  Marine x2  
Show
View Real Time Build Order
Export as new Build Order

MeomaikA Zerg 

Build Orders: Pool First 

Get SALT Encoding   

  12  0:00  Drone  
  13  0:13  Overlord  
  13  0:16  Drone  
  14  0:32  Drone x2  
  16  0:40  Spawning Pool  
  15  0:44  Drone  
  15  0:49  Drone  
  17  1:08  Hatchery  
  16  1:11  Drone  
  16  1:16  Extractor  
  16  1:27  Zergling x4  
  16  1:28  Zergling x2  
  19  1:33  Queen  
  19  1:39  Drone  
  22  1:49  Overlord  
  22  2:00  Overlord  
  22  2:11  Drone, Queen  
  25  2:24  Drone  
  25  2:26  Metabolic Boost  
  25  2:28  Drone  
  27  2:32  Drone  
  27  2:33  Drone  
  29  2:42  Drone x2  
  29  2:43  Drone x2  
  33  2:46  Drone  
  34  2:57  Drone  
  35  3:00  Drone  
  35  3:04  Drone  
  37  3:12  Extractor  
  36  3:13  Drone  
  36  3:18  Drone x2  
  39  3:22  Drone x2, Hatchery  
  39  3:27  Drone x2  
  39  3:32  Drone  
  39  3:33  Evolution Chamber  
  41  3:35  Drone  
  41  3:40  Lair  
  42  3:42  Extractor  
  42  3:43  Drone  
  42  3:46  Drone  
  43  3:53  Drone  
  43  3:55  Overlord x2  
  44  4:00  Zerg Ground Armor Level 1  
  44  4:13  Zergling x2  
  44  4:16  Zergling x6  
  48  4:17  Zergling x4  
  48  4:21  Zergling x6  
  48  4:24  Queen  
  52  4:28  Overlord  
  52  4:29  Drone x3  
  57  4:38  Hydralisk Den  
  56  4:39  Drone  
  56  4:41  Queen  
  56  4:42  Drone  
  56  4:43  Drone  
  61  4:45  Drone  
  61  4:46  Drone  
  61  4:47  Drone  
  61  4:52  Drone  
  65  4:53  Drone x2  
  65  4:55  Overlord  
  66  5:00  Drone x2  
  66  5:04  Overlord  
  66  5:05  Drone x2  
  70  5:08  Muscular Augments  
  70  5:13  Spore Crawler  
  67  5:14  Overseer  
  67  5:16  Spore Crawler  
  67  5:17  Drone  
  65  5:24  Drone x4  
  65  5:25  Drone  
  68  5:29  Drone  
  68  5:30  Drone  
  69  5:35  Drone x2  
  69  5:38  Drone x3  
  69  5:40  Drone  
  69  5:42  Drone x2  
  75  5:46  Overlord  
  75  5:47  Drone  
  76  5:50  Extractor x2  
  76  5:52  Drone, Infestation Pit  
  76  5:56  Drone, Zerg Missile Weapons Level 1  
  73  5:59  Spore Crawler  
  73  6:00  Spore Crawler  
  73  6:02  Drone  
  70  6:06  Overlord  
  70  6:08  Drone x2  
  72  6:11  Drone  
  72  6:13  Hydralisk  
  72  6:18  Drone x2  
  74  6:19  Grooved Spines  
  74  6:20  Drone  
  74  6:22  Drone  
  74  6:24  Drone  
  77  6:28  Infestor  
  77  6:30  Drone x3  
  82  6:34  Overlord  
  82  6:35  Hydralisk  
  82  6:36  Hydralisk  
  82  6:39  Hydralisk  
  88  6:42  Drone  
  88  6:43  Drone x2  
  88  6:46  Hydralisk  
  91  6:48  Hydralisk  
  91  6:51  Hydralisk  
  96  6:58  Hydralisk  
  98  7:02  Hatchery  
  98  7:03  Hydralisk  
  98  7:07  Hydralisk  
  101  7:10  Hydralisk  
  101  7:14  Evolution Chamber  
  102  7:16  Drone x8  
  102  7:19  Hydralisk  
  112  7:26  Hydralisk  
  110  7:31  Drone x3  
  110  7:32  Drone  
  112  7:38  Overlord x2  
  112  7:43  Overlord  
  112  7:46  Drone  
  112  7:48  Overlord  
  113  7:55  Overlord x2  
  113  7:58  Baneling Nest  
  112  7:59  Zergling x4  
  112  8:00  Zergling x2  
  112  8:01  Zergling x2, Hatchery  
  112  8:03  Zergling x2  
  116  8:09  Zergling x6  
  116  8:12  Zergling x2  
  114  8:13  Hydralisk x2, Zergling x2  
  114  8:14  Zergling x2  
  114  8:16  Zergling x2  
  114  8:18  Hydralisk  
  114  8:19  Hydralisk  
  116  8:22  Zergling x2  
  116  8:23  Zergling x6  
  116  8:24  Zergling x2  
  116  8:25  Zergling x2  
  108  8:28  Zergling x2  
  108  8:29  Zergling x2  
  101  8:34  Zergling x4  
  101  8:35  Zergling x4  
  101  8:36  Zergling x2  
  101  8:37  Zergling x2  
  101  8:40  Queen x2, Zergling x2  
  104  8:46  Hydralisk x2, Zergling x2  
  100  8:48  Hydralisk  
  100  8:51  Hydralisk  

Tags
 
Add a new tag
Caveats
  • Supply blocks, unpowered buildings, or Contaminate may cause inaccurate times.
  • Supply counts are checked every 10 seconds.